Map: Central Protocol

Players

juhyg - Winner!

  • Race: Zerg Zerg
  • League: Bronze

Kai

  • Race: Terran Terran

VOD

Have the link to the VOD?

Description

Time

  • Played on: Nov. 19, 2015, 9:01 p.m.
  • Length: 10:23
Show
View Real Time Build Order
Export as new Build Order

juhyg Zerg - Winner!

Build Orders: Pool First 

Get SALT Encoding   

  12  0:11  Overlord  
  12  0:28  Spawning Pool  
  11  0:36  Drone  
  12  0:50  Drone x2  
  12  0:52  Drone  
  12  0:55  Extractor  
  14  1:03  Drone  
  15  1:13  Drone  
  16  1:22  Queen  
  18  1:26  Drone  
  18  1:31  Roach Warren  
  18  1:36  Drone, Extractor  
  18  1:45  Drone  
  19  1:55  Drone  
  20  2:13  Drone  
  21  2:29  Drone  
  22  2:32  Overlord  
  22  2:44  Metabolic Boost  
  22  2:47  Lair  
  22  2:58  Overlord  
  22  2:59  Overlord  
  22  3:04  Drone  
  23  3:11  Roach x2  
  23  3:12  Roach  
  29  3:27  Roach  
  29  3:28  Roach  
  33  3:41  Roach x2  
  33  3:42  Roach x2  
  41  3:53  Roach  
  43  4:00  Glial Reconstitution  
  45  4:03  Roach  
  45  4:30  Overlord x2  
  45  4:50  Roach x3  
  51  5:02  Ravager x4  
  51  5:03  Ravager  
  56  5:09  Hatchery  
  35  5:53  Roach  
  35  5:54  Roach x6  
  49  6:13  Roach x2  
  53  6:26  Ravager x2  
  53  6:29  Ravager  
  53  6:31  Roach  
  58  6:37  Drone  
  58  6:38  Drone  
  58  6:39  Queen  
  62  6:51  Roach x3  
  62  6:53  Overlord x2  
  40  7:31  Roach x3  
  38  7:48  Drone x3  
  41  7:56  Roach x2  
  45  8:09  Hatchery  
  44  8:40  Roach x3  
  50  8:45  Drone x5  
  55  9:02  Roach  
  57  9:03  Drone  
  58  9:10  Roach x3  
  64  9:23  Roach x6  
  64  9:24  Roach x2  
  80  9:26  Queen  
Show
View Real Time Build Order
Export as new Build Order

Kai Terran 

Build Orders:  

Get SALT Encoding   

  12  0:01  SCV  
  13  0:13  SCV  
  14  0:19  Supply Depot  
  14  0:26  SCV  
  15  0:41  Supply Depot, SCV  
  16  0:52  Refinery  
  16  0:53  SCV  
  16  0:55  Refinery  
  17  1:05  SCV  
  18  1:13  Barracks  
  18  1:17  SCV  
  19  1:29  SCV  
  20  1:38  Engineering Bay  
  20  1:41  SCV  
  21  1:53  SCV  
  22  2:05  Factory, SCV  
  23  2:17  Bunker  
  23  2:21  Barracks Reactor  
  23  2:48  Building Armor  
  23  2:50  Bunker  
  23  2:54  Bunker  
  23  2:59  Factory Reactor  
  23  3:04  Marine x2  
  25  3:21  Marine  
  25  3:22  Marine  
  25  3:26  Armory  
  27  3:39  Sensor Tower, Marine x2  
  29  3:45  Hellion  
  31  4:04  Supply Depot  
  31  4:25  Starport, Marine x2  
  31  4:26  Hellion x2  
  31  4:27  Supply Depot  
  37  4:35  Neosteel Frame  
  37  4:46  Marine x2  
  37  4:49  Hellion  
  37  4:50  Supply Depot  
  41  5:02  Starport  
  41  5:04  Marine x2  
  43  5:13  Supply Depot  
  41  5:22  Marine x2  
  43  5:29  Hellion  
  45  5:39  Marine  
  45  5:40  Marine  
  43  5:55  Terran Infantry Weapons Level 1  
  41  6:00  Marine x2  
  43  6:09  Hellion x2  
  45  6:30  Hellion x2  
  49  6:33  Starport Tech Lab  
  49  6:34  Starport Tech Lab  
  49  6:37  Marine  
  49  6:38  Marine  
  51  6:52  Barracks  
  51  6:55  Marine  
  51  6:56  Marine  
  53  7:03  Bunker  
  53  7:12  Bunker  
  53  7:13  Marine x2  
  39  7:47  Barracks Reactor  
  39  7:49  Terran Infantry Armor Level 1  
  39  7:51  Bunker  
  39  8:01  Bunker  
  37  8:15  Fusion Core  
  32  8:24  Terran Ship Weapons Level 1  
  32  8:26  Marine  
  32  8:27  Marine x3  
  35  8:44  Marine  
  35  8:45  Marine x3  
  39  9:02  Marine x2  
  41  9:14  Command Center  
  41  9:37  Refinery  
  41  9:40  Refinery  
Tags
 
Add a new tag
Caveats
  • Supply blocks, unpowered buildings, or Contaminate may cause inaccurate times.
  • Supply counts are checked every 10 seconds.